 Dungeon Crawl Stone Soup version 0.30-a0-458-g86641cc369 (webtiles) character file.

Game seed: 767550164662939549

31276 cforsyth the Brawler (level 13, -5/199 HPs)
             Began as a Troll Fighter on Dec 14, 2022.
             Was a Priest of Wu Jian.
             Slain by an apocalypse crab (8 damage)
             ... on level 1 of the Abyss.
             The game lasted 00:36:53 (14785 turns).

cforsyth the Brawler (Troll Fighter)               Turns: 14785, Time: 00:36:54

Health: -5/199     AC: 11    Str: 27    XL:     13   Next: 25%
Magic:  0/12       EV: 13    Int:  8    God:    Wu Jian [***...]
Gold:   464        SH: 10    Dex:  9    Spells: 12/12 levels left

rFire   . . .      SeeInvis .      - Unarmed
rCold   . . .      Faith    .    b - +0 kite shield
rNeg    . . .      Spirit   +    h - +0 acid dragon scales
rPois   .          Reflect  .    (helmet restricted)
rElec   .          Harm     .    E - +2 cloak {rCorr}
rCorr   +          Rampage  .    (gloves unavailable)
Will    .....                    (boots unavailable)
Stlth   ..........               x - amulet of guardian spirit
HPRegen 1.33/turn                D - +4 ring of evasion
MPRegen 0.13/turn                f - +4 ring of slaying

@: mighty, berserking (expiring), hasted, very quick
A: large, unfitting armour, claws 3, regeneration 1, shaggy fur 1, tough skin 1
a: Renounce Religion, Wall Jump, Serpent's Lash


You were on level 1 of the Abyss.
You worshipped Wu Jian.
Wu Jian was most pleased with you.
You visited 3 branches of the dungeon, and saw 16 of its levels.
You visited the Abyss 1 time.

You collected 983 gold pieces.
You spent 519 gold pieces at shops.

Inventory:

Armour
 b - a +0 kite shield (worn)
 h - +0 acid dragon scales (worn)
 s - +1 ice dragon scales
 E - a +2 cloak of preservation (worn)
 G - the -2 hat of the Alchemist {rElec rPois rF+ rC+ rN+ Will+ rMut rCorr}
   (You bought it in a shop on level 8 of the Dungeon)

   rF:        It protects you from fire.
   rC:        It protects you from cold.
   rElec:     It insulates you from electricity.
   rPois:     It protects you from poison.
   rN:        It protects you from negative energy.
   rCorr:     It protects you from acid and corrosion.
   rMut:      It protects you from mutation.
   Will:      It increases your willpower.
Jewellery
 e - the ring "Avyritro" {rN+ SInv}
   (You acquired it on level 4 of the Dungeon)

   [ring of positive energy]

   rN:        It protects you from negative energy.
   SInv:      It lets you see invisible.
 f - a +4 ring of slaying (right claw)
 x - an amulet of guardian spirit (around neck)
 D - a +4 ring of evasion (left claw)
Wands
 u - a wand of polymorph (3)
 C - a wand of iceblast (1)
 J - a wand of charming (4)
Scrolls
 a - 2 scrolls of brand weapon
 c - 2 scrolls of identify
 g - a scroll of teleportation
 j - a scroll of silence
 k - a scroll of amnesia
 l - 3 scrolls of poison
 o - a scroll of magic mapping
 p - a scroll of immolation
 t - 3 scrolls of fog
 w - a scroll of blinking
 y - 2 scrolls of fear
 I - a scroll of enchant armour {unknown}
Potions
 d - 5 potions of haste
 i - 3 potions of cancellation
 n - a potion of brilliance {unknown}
 q - 2 potions of invisibility
 v - 3 potions of curing
 z - 3 potions of mutation
 A - 2 potions of resistance
 B - 3 potions of ambrosia
 K - a potion of attraction {unknown}
Miscellaneous
 m - a condenser vane (inert)
 r - a box of beasts
 F - a condenser vane (inert)


   Skills:
 + Level 9.9 Fighting
 + Level 4.5 Dodging
 + Level 10.8 Shields
 * Level 15.8 Unarmed Combat


You had 12 spell levels left.
You didn't know any spells.
Your spell library contained the following spells:

 Spells                   Type           Power      Damage    Failure   Level
 Sandblast                Erth           0%         2d4       67%         1
 Summon Small Mammal      Summ           0%         N/A       67%         1
 Passwall                 Tmut/Erth      0%         N/A       82%         2
 Scorch                   Fire           0%         2d5       82%         2
 Call Canine Familiar     Summ           0%         N/A       96%         3
 Inner Flame              Hex/Fire       0%         N/A       96%         3
 Portal Projectile        Hex/Tloc       0%         N/A       96%         3
 Stone Arrow              Conj/Erth      0%         3d7       96%         3
 Summon Guardian Golem    Hex/Summ       0%         N/A       96%         3
 Tukima's Dance           Hex            0%         N/A       96%         3
 Cause Fear               Hex            0%         N/A       100%        4
 Flame Wave               Conj/Fire      0%         2d4       100%        4
 Blade Hands              Tmut           0%         N/A       100%        5
 Freezing Cloud           Conj/Ice/Air   0%         6-21      100%        5
 Simulacrum               Ice/Necr       0%         N/A       100%        6
 Summon Cactus Giant      Summ           0%         N/A       100%        6
 Discord                  Hex            0%         N/A       100%        8
 Polar Vortex             Ice            0%         N/A       100%        9


Dungeon Overview and Level Annotations

Branches:
Dungeon (11/15)            Temple (1/1) D:6            Lair (4/5) D:8
 Shoals (0/4) Lair:2       Spider (0/4) Lair:2
  Slime: Lair:4-5       Orc: D:9-12

Altars:
Ashenzari
Cheibriados
Dithmenos
Elyvilon
Fedhas
Gozag
Hepliaklqana
Kikubaaqudgha
Makhleb
Nemelex Xobeh
Okawaru
Qazlal
Ru
Sif Muna
Trog
Uskayaw
Vehumet
Wu Jian
Xom
Yredelemnul
Zin
The Shining One

Shops:
D:7 [   D:8 [   D:10 *

Portals:
Trove: D:10 (give +3 shadow dragon scales)

Annotations:
Lair:3 Sonja


Innate Abilities, Weirdness & Mutations

You are too large for most types of armour.
You have claws for hands.
Your natural rate of healing is unusually fast.
You are covered in fur. (AC +1)
You have tough skin. (AC +1)


Message History

You are too berserk!
You are too berserk!
You're too confused to move!
The large abomination stops moving altogether!
Your large abomination stops moving altogether!
The smoke demon misses you. The smoke demon barely misses you. x2
Unknown command.
You eviscerate the apocalypse crab!!!
The apocalypse crab is severely wounded.
The apocalypse crab bites you but does no damage.
The apocalypse crab closely misses you.
Unknown command.
Unknown command.
You mangle the apocalypse crab!!
The apocalypse crab is almost dead.
The smoke demon gestures at you. The sticky flame hits you.
You are covered in liquid flames!
* * * LOW HITPOINT WARNING * * *
Unknown command.
You eviscerate the apocalypse crab!!!
You kill the apocalypse crab!
The Council accepts your kill.
You are covered in liquid flames!
* * * LOW HITPOINT WARNING * * *
The apocalypse crab bites you!
* * * LOW HITPOINT WARNING * * *
The apocalypse crab shocks you!
* * * LOW HITPOINT WARNING * * *
The apocalypse crab closely misses you.
Unknown command.
Unknown command.
You are covered in liquid flames!
Unknown command.
You closely miss the apocalypse crab.
You are covered in liquid flames!
* * * LOW HITPOINT WARNING * * *
You feel less confused.
You are no longer on fire.
The apocalypse crab bites you!
You die...

#.. . .#... ..# #...#
#.... ..# #...##
##....##.. #.. . #
#........# .....
##.......# .. ##
#........# #... ##
#.....X..# # .# .. #
#.....Xt@# ## ###....
...#...3####.##...##.
......#.....X.§. . #..#
..... ......§§.#.......
......#............ ..
.....#..................
..... ..........#. ....
. ......#.......... . .
.. ............... .
#....


You could see an apocalypse crab (ally target), a large abomination (petrified),
a smoke demon and a friendly large abomination (petrified).

Vanquished Creatures
  An emperor scorpion (Lair:3)
  2 hydras
  A rakshasa (D:11)
  A catoblepas (D:11)
  2 centaur warriors
  A boulder beetle (Lair:1)
  A two-headed ogre (D:11)
  A deep elf pyromancer (D:11)
  An orc knight (D:11)
  2 cyclopes
  2 manticores (D:11)
  Maurice (D:10)
  A worldbinder (Abyss:1)
  A merfolk siren (Lair:2)
  4 elephants (Lair:3)
  A smoke demon (Abyss:1)
  An apocalypse crab (Abyss:1)
  2 black mambas
  3 cane toads
  Maggie (D:9)
  Psyche (D:9)
  2 rime drakes
  A kobold demonologist (D:10)
  2 komodo dragons
  An ancient zyme (Abyss:1)
  4 trolls
  A merfolk (Lair:2)
  4 hornets
  9 blink frogs
  A polar bear (Lair:2)
  4 small abominations (Abyss:1)
  A shadow (D:11)
  2 vampires (D:11)
  6 wraiths
  A fire elemental (Lair:1)
  3 humans
  4 fire bats (Abyss:1)
  4 wyverns
  2 hogs (D:11)
  32 yaks
  A steam dragon (Lair:2)
  9 water moccasins
  2 acid dragons
  A warg (D:11)
  3 orc warriors
  An ice beast (D:6)
  A black bear (Lair:3)
  5 centaurs
  An ogre (D:6)
  4 phantoms
  6 bullfrogs
  2 kobold brigands
  A necrophage (D:4)
  A scorpion (D:4)
  5 killer bees (D:8)
  4 howler monkeys
  11 electric eels
  2 hounds
  5 jellies
  6 orc priests
  2 iguanas
  7 orc wizards
  5 adders
  A shadow imp (D:7)
  3 dart slugs
  21 orcs
  5 endoplasms
  3 giant cockroaches
  7 goblins
  5 hobgoblins
  3 jackals (D:1)
  3 quokkas
  8 ball pythons
  3 bats
  5 frilled lizards (D:1)
  11 kobolds
  5 rats
283 creatures vanquished.

Vanquished Creatures (others)
  6 fungi
  27 plants
33 creatures vanquished.

Grand Total: 316 creatures vanquished

Notes
Turn   | Place    | Note
-------+----------+-------------------------------------------
     0 | D:1      | cforsyth the Troll Fighter began the quest for the Orb.
     0 | D:1      | Reached XP level 1. HP: 22/22 MP: 0/0
   177 | D:1      | Reached XP level 2. HP: 29/29 MP: 1/1
   580 | D:1      | Reached XP level 3. HP: 36/36 MP: 2/2
   785 | D:2      | Reached skill level 3 in Unarmed Combat
  1610 | D:3      | Reached XP level 4. HP: 44/44 MP: 3/3
  2074 | D:4      | Identified 2 scrolls of acquirement
  2074 | D:4      | Acquired +1 ice dragon scales
  2086 | D:4      | Acquired the ring "Avyritro" {rN+ SInv}
  2098 | D:4      | Noticed a phantom
  2422 | D:4      | Killed a phantom
  2423 | D:4      | Reached skill level 4 in Unarmed Combat
  2423 | D:4      | Reached XP level 5. HP: 53/53 MP: 4/4
  2545 | D:4      | Noticed a phantom
  2556 | D:4      | Killed a phantom
  2576 | D:4      | Reached XP level 6. HP: 56/61 MP: 5/5
  2639 | D:4      | Identified the +1 leather armour of Hepliaklqana's Whim
                  | {-Cast Str+2 Slay+4}
  2800 | D:4      | Reached skill level 5 in Unarmed Combat
  3123 | D:5      | Entered Level 5 of the Dungeon
  3263 | D:5      | Found a shimmering blue altar of Sif Muna.
  3422 | D:5      | Found a broken altar of Ashenzari.
  3469 | D:5      | Reached XP level 7. HP: 68/68 MP: 6/6
  4152 | D:6      | Reached skill level 6 in Unarmed Combat
  4498 | D:6      | Reached skill level 5 in Shields
  4498 | D:6      | Reached XP level 8. HP: 61/79 MP: 5/7
  4806 | D:6      | Found a staircase to the Ecumenical Temple.
  4821 | Temple   | Entered the Ecumenical Temple
  5019 | D:6      | Reached skill level 7 in Unarmed Combat
  5304 | D:7      | Identified the +3 short sword "Amaemok" {holy, rCorr
                  | Stlth+}
  5388 | D:7      | Found Nied's Antique Armour Shoppe.
  5459 | D:7      | Found a white marble altar of Elyvilon.
  5568 | D:7      | Reached skill level 5 in Fighting
  5736 | D:8      | Reached skill level 8 in Unarmed Combat
  5748 | D:8      | Found an iron altar of Okawaru.
  5819 | D:8      | Noticed a hornet
  5824 | D:8      | Paralysed by a hornet for 1 turns
  5826 | D:8      | Killed a hornet
  5827 | D:8      | Reached XP level 9. HP: 73/88 MP: 6/8
  5904 | D:8      | Reached skill level 9 in Unarmed Combat
  6284 | D:8      | Found Sowir's Armour Shoppe.
  6322 | D:8      | Found a staircase to the Lair.
  6323 | D:8      | Noticed a komodo dragon
  6739 | D:9      | Found an ancient bone altar of Kikubaaqudgha.
  6744 | D:9      | Found an ornate altar of the Wu Jian Council.
  6747 | D:9      | Became a worshipper of the Wu Jian Council
  6824 | D:9      | Noticed Maggie
  6846 | D:9      | Killed Maggie
  6927 | D:9      | Noticed Psyche
  6933 | D:9      | Killed Psyche
  7063 | D:9      | Found a hide-covered altar of Uskayaw.
  7188 | D:9      | Noticed a cyclops
  7194 | D:9      | Killed a cyclops
  7195 | D:9      | Reached skill level 10 in Unarmed Combat
  7207 | D:9      | Paralysed by a hornet for 1 turns
  7247 | D:9      | Noticed a troll
  7261 | D:9      | Killed a troll
  7290 | D:9      | Reached XP level 10. HP: 86/100 MP: 6/9
  7684 | D:10     | Entered Level 10 of the Dungeon
  7687 | D:10     | Found a portal to a secret trove of treasure.
  7771 | D:10     | Reached skill level 11 in Unarmed Combat
  8275 | D:10     | Found Voeqaxex's General Store.
  8514 | D:10     | Noticed a soul eater
  8520 | D:10     | Reached * piety under Wu Jian
  8726 | D:10     | Found a glowing silver altar of Zin.
  8726 | D:10     | Noticed an angel
  8726 | D:10     | Noticed Maurice
  8740 | D:10     | Killed Maurice
  8936 | D:11     | Noticed a two-headed ogre
  8944 | D:11     | Killed a two-headed ogre
  8949 | D:11     | Reached skill level 12 in Unarmed Combat
  8987 | D:10     | Reached XP level 11. HP: 100/109 MP: 8/10
  9085 | D:11     | Noticed a centaur warrior
  9085 | D:11     | Noticed a centaur warrior
  9086 | D:11     | Noticed a deep elf pyromancer
  9609 | D:10     | Killed a centaur warrior
  9738 | D:11     | Killed a centaur warrior
  9740 | D:11     | Killed a deep elf pyromancer
  9997 | D:11     | Noticed a catoblepas
 10011 | D:11     | Killed a catoblepas
 10012 | D:11     | Reached skill level 13 in Unarmed Combat
 10123 | D:11     | Noticed an orc knight
 10130 | D:11     | Killed an orc knight
 10131 | D:11     | Noticed a boulder beetle
 10249 | D:11     | Reached ** piety under Wu Jian
 10341 | D:11     | Found the +2 Maxwell's thermic engine {flame, freeze}
 10349 | D:11     | Found the +3 pair of seven-league boots {Rampage+∞}
 10369 | D:11     | Identified the +7 dagger "Befec" {freeze, rElec rCorr Int+2
                  | Dex+5}
 10583 | D:11     | Noticed a rakshasa
 10597 | D:11     | Killed a rakshasa
 10789 | D:11     | Identified the +2 hand axe of Adojaere {antimagic, rPois
                  | Str-5 Dex+5}
 11004 | D:11     | Reached skill level 14 in Unarmed Combat
 11004 | D:11     | Reached XP level 12. HP: 80/122 MP: 4/11
 11214 | D:8      | Bought the -2 hat of the Alchemist {rElec rPois rF+ rC+ rN+
                  | Will+ rMut rCorr} for 519 gold pieces
 11214 | D:8      | Found the -2 hat of the Alchemist {rElec rPois rF+ rC+ rN+
                  | Will+ rMut rCorr}
 11243 | Lair:1   | Entered Level 1 of the Lair of Beasts
 11289 | Lair:1   | Noticed a boulder beetle
 11316 | Lair:1   | Killed a boulder beetle
 11932 | Lair:2   | Found a hole to the Spider Nest.
 11971 | Lair:2   | Noticed an eight-headed hydra
 12249 | Lair:1   | HP: 3/123 [ten-headed hydra (7)]
 12308 | Lair:1   | Killed a ten-headed hydra
 12819 | Lair:2   | Noticed an eight-headed hydra
 12828 | Lair:2   | Killed a nine-headed hydra
 12829 | Lair:2   | Reached skill level 10 in Shields
 13134 | Lair:2   | Reached *** piety under Wu Jian
 13177 | Lair:2   | You fall into a shaft and drop 2 floors!
 13320 | Lair:3   | Reached skill level 15 in Unarmed Combat
 13523 | Lair:3   | Noticed a four-headed hydra
 13526 | Lair:3   | a four-headed hydra changed into an emperor scorpion
 13526 | Lair:3   | Noticed an emperor scorpion
 13538 | Lair:3   | Killed an emperor scorpion
 13715 | Lair:3   | Reached XP level 13. HP: 125/132 MP: 10/12
 14164 | Lair:2   | Found a staircase to the Shoals.
 14516 | Lair:3   | Noticed Sonja
 14526 | Abyss:1  | Cast into level 1 of the Abyss (Sonja)
 14658 | Abyss:1  | Noticed an ironbound thunderhulk
 14658 | Abyss:1  | Noticed a brown very ugly thing
 14664 | Abyss:1  | Noticed a purple very ugly thing
 14671 | Abyss:1  | Noticed a cyan very ugly thing
 14671 | Abyss:1  | Noticed a purple very ugly thing
 14740 | Abyss:1  | Found a corrupted altar of Lugonu.
 14783 | Abyss:1  | HP: 5/199 [apocalypse crab (11)]
 14785 | Abyss:1  | HP: 2/199 [burnt (4)]
 14785 | Abyss:1  | Slain by an apocalypse crab

Illustrated notes

Levels and vault maps discovered:
D:1:      dpeg_arrival_pits, layout_basic, serial_corexii_hall,
          corexii_hall_statues_t, corexii_hall_statues_x,
          chequers_decorated_corner, st_stairs_14
D:2:      layout_loops_ring, kennysheep_doodads
D:3:      layout_basic, grunt_decor_junction
D:4:      layout_basic, corexii_shack, chequers_hall_statues_corner_a
D:5:      layout_loops_corners, nicolae_sif_muna_little_library,
          mainiacjoe_overflow_boulevard, guppyfry_early_lair_pool
D:6:      wad_lake_hut, layout_rooms, minmay_temple_entry_stoned_glass
D:7:      layout_rooms, elyvilon_altar_1, serial_shops, shop
D:8:      layout_loops_ring, okawaru_humans, david_lair_shrubbed, serial_shops,
          shop
D:9:      layout_basic, mainiacjoe_overflow_alcove_4, minitemple, uniq_maggie,
          uniq_psyche
D:10:     layout_long_grid, zin_angel, nicolae_trove_entry_crossroad,
          serial_shops, shop_coins, serial_bayou, serial_bayou_lake_a,
          serial_bayou_crossing, serial_bayou_shore_a, serial_bayou_lagoon_b,
          uniq_maurice
D:11:     minmay_the_grid_3x2 [minmay_the_grid_mess,
          minmay_the_grid_aliased_spiral, minmay_the_grid_slots,
          minmay_the_grid_armoury, minmay_the_grid_stretched_grid,
          minmay_the_grid_prize_trominoes], layout_basic, grunt_livestock,
          grunt_decor_arrowhead
Temple:   eino_narrow_crystal_temple
Lair:1:   layout_chaotic_city, infiniplex_staircase_pool, grunt_megastairs_5
Lair:2:   layout_roguey, elwin_shoals_entry_rooms, dummy_spider_entry,
          grunt_megastairs_1
Lair:3:   layout_chaotic_city, uniq_sonja
Lair:4:   layout_hall_layers, lemuel_fruit_tree
Abyss:1:  base: Lair:4, due_exit_kobolds, spicy_abyss_pitcher_plant

Skill      XL: |  1  2  3  4  5  6  7  8  9 10 11 12 |
---------------+-------------------------------------+-----
Shields        | 3 4 5 6 7 8 9 10 | 10.8
Unarmed Combat | 3 4 5 6 8 10 12 14 15 | 15.8
Fighting       | 3 4 5 6 7 8 9 |  9.9
Dodging        | 4 |  4.5

Action                   |  1- 3 |  4- 6 |  7- 9 | 10-12 | 13-15 || total
-------------------------+-------+-------+-------+-------+-------++-------
Melee: Unarmed           |   107 |    86 |   230 |   566 |    77 ||  1066
Invok: Lunge             |       |       |     1 |    38 |     9 ||    48
       Whirlwind         |       |       |       |    64 |       ||    64
Evoke: Wand              |       |       |       |     7 |       ||     7
       Box of beasts     |       |       |       |     1 |       ||     1
       Condenser vane    |       |       |       |     1 |       ||     1
  Use: Scroll            |     1 |     6 |     5 |    14 |     2 ||    28
       Potion            |       |       |     1 |     4 |     1 ||     6
Armor: Robe              |    40 |     3 |       |       |       ||    43
       Ice dragon scales |       |    29 |   146 |       |       ||   175
       Acid dragon scale |       |       |       |   140 |    21 ||   161
       Skin              |       |       |       |    14 |       ||    14
Dodge: Dodged            |    53 |    17 |    88 |   198 |    32 ||   388
Block: Kite shield       |    41 |    25 |   117 |   223 |    24 ||   430

Table legend: (Time is in decaauts)
 A = Elapsed time spent in this place.
 B = Non-inter-level travel time spent in this place.
 C = Inter-level travel time spent in this place.
 D = Time resting spent in this place.
 E = Time spent auto-exploring this place.
 F = Levels seen in this place.
 G = Mean time per level.
                   A        B        C        D        E       F      G
               +--------+--------+--------+--------+--------+-----+--------+
         Total |  14767 |  14284 |    483 |   2558 |   9056 |  17 |  868.6 |
       Dungeon |  11083 |  10737 |    346 |   1616 |   7178 |  11 | 1007.5 |
        Temple |    173 |    165 |      8 |      0 |    159 |   1 |  173.0 |
          Lair |   3252 |   3124 |    128 |    883 |   1672 |   4 |  813.0 |
         Abyss |    257 |    257 |      0 |     59 |     47 |   1 |  257.0 |
               +--------+--------+--------+--------+--------+-----+--------+

Top non-repeatable levels by time:
    D:10: 1939 daAuts
    D:11: 1551 daAuts
  Lair:1: 1411 daAuts
  Lair:2: 1110 daAuts
     D:9: 1030 daAuts
     D:3: 1019 daAuts
     D:8: 1003 daAuts
     D:6: 987 daAuts
     D:5: 929 daAuts
     D:1: 757 daAuts
     D:4: 746 daAuts
  Lair:3: 657 daAuts
     D:2: 610 daAuts
     D:7: 507 daAuts
 Abyss:1: 257 daAuts
